 Dungeon Crawl Stone Soup version 0.28.0-47-ge53b351184 (webtiles) character file.

Game seed: 282497190848785532

75 greasedhog the Cudgeller (level 4, -2/31 HPs)
             Began as a Formicid Fighter on May 10, 2022.
             Frozen to death by an endoplasm (5 damage)
             ... on level 2 of the Dungeon.
             The game lasted 00:02:47 (1447 turns).

greasedhog the Cudgeller (Formicid Fighter)         Turns: 1447, Time: 00:02:48

Health: -2/31      AC:  6    Str: 23    XL:     4   Next: 55%
Magic:  4/4        EV:  9    Int:  7    God:
Gold:   68         SH:  5    Dex: 10    Spells: 3/3 levels left

rFire   . . .      SeeInvis +   a - +0 flail
rCold   . . .      Faith    .   c - +1 buckler
rNeg    . . .      Spirit   .   b - +0 scale mail
rPois   .          Reflect  .   (helmet unavailable)
rElec   .          Harm     .   (no cloak)
rCorr   .          Rampage  .   (no gloves)
Will    .....      Clarity  +   (no boots)
Stlth   ..........              (no amulet)
HPRegen 0.10/turn               (no ring)
MPRegen 0.09/turn               (no ring)

@: no status effects
A: permanent stasis, dig shafts and tunnels, antennae 3, four strong arms,
clarity, frail 1, screaming 1
a: Dig, Shaft Self


You were on level 2 of the Dungeon.
You visited 1 branch of the dungeon, and saw 2 of its levels.

You collected 90 gold pieces.
You spent 22 gold pieces at shops.

Inventory:

Hand Weapons
 a - a +0 flail (weapon)
Armour
 b - a +0 scale mail (worn)
 c - a +1 buckler (worn)
Jewellery
 d - a ring of magical power
 e - a ring of wizardry
Scrolls
 h - a scroll of vulnerability
Potions
 f - 2 potions of curing


   Skills:
 - Level 3.2 Fighting
 * Level 4.4 Maces & Flails
 - Level 3.2 Armour
 - Level 3.6 Shields


You had 3 spell levels left.
You didn't know any spells.
Your spell library was empty.

Dungeon Overview and Level Annotations

Branches:
Dungeon (2/15)

Altars:

Shops:
D:1 *[[

Annotations:
D:2 Robin


Innate Abilities, Weirdness & Mutations

You cannot be hasted, slowed, berserked, paralysed or teleported.
You can dig through walls and to a lower floor.
You have a pair of large antennae on your head. (SInv)
Your four strong arms can wield two-handed weapons with a shield.
You possess an exceptional clarity of mind.
You are frail. (-10% HP)
You occasionally shout uncontrollably at your foes.


Message History

You closely miss the hobgoblin. The hobgoblin hits you.
You are too injured to fight recklessly!
You are too injured to fight recklessly!
You are too injured to fight recklessly!
You are too injured to fight recklessly!
You are too injured to fight recklessly!
You are too injured to fight recklessly!
You are too injured to fight recklessly!
You are too injured to fight recklessly!
You are too injured to fight recklessly!
You are too injured to fight recklessly!
You are too injured to fight recklessly!
You are too injured to fight recklessly!
You are too injured to fight recklessly!
You are too injured to fight recklessly!
You are too injured to fight recklessly!
You are too injured to fight recklessly!
You are too injured to fight recklessly!
You are too injured to fight recklessly!
You are too injured to fight recklessly!
You are too injured to fight recklessly!
You are too injured to fight recklessly!
You are too injured to fight recklessly!
You are too injured to fight recklessly!
You hit the endoplasm.
The endoplasm is almost dead.
The hobgoblin hits you. The endoplasm freezes you.
You are frozen.
* * * LOW HITPOINT WARNING * * *
The hobgoblin hits you.
* * * LOW HITPOINT WARNING * * *
The endoplasm jiggles.
The endoplasm freezes you.
You are frozen.
* * * LOW HITPOINT WARNING * * *
The endoplasm hits you but does no damage.
The endoplasm freezes you.
You are frozen.
You die...

# ##### ....# ....##
♣♣♣♣♣♣ ########
.....♣♣♣♣P...♣##......#
.......♣P..P...#......#
.....♣....♣♣♣♣..@.....#
.....♣♣♣♣♣♣♣♣...JJg...+
......................#
>.....)............####
.....#####.........##
{.... .....#
####.......# ....
.....### #.......#
..... .......#
#.......# .....
.......# ##......#
g...).


You could see 2 endoplasms and a hobgoblin.

Vanquished Creatures
  2 adders (D:2)
  2 worms (D:2)
  A dart slug (D:2)
  4 orcs (D:2)
  2 ball pythons (D:1)
  5 endoplasms
  A giant cockroach (D:1)
  5 goblins
  3 hobgoblins (D:1)
  2 jackals (D:2)
  4 kobolds
  3 quokkas (D:1)
  4 frilled lizards
  2 rats
40 creatures vanquished.

Vanquished Creatures (others)
  3 plants (D:2)
3 creatures vanquished.

Grand Total: 43 creatures vanquished

Notes
Turn   | Place    | Note
-------+----------+-------------------------------------------
     0 | D:1      | greasedhog the Formicid Fighter began the quest for the
                  | Orb.
     0 | D:1      | Reached XP level 1. HP: 18/18 MP: 1/1
   169 | D:1      | Reached XP level 2. HP: 22/24 MP: 2/2
   211 | D:1      | You fall into a shaft and drop 1 floor!
   230 | D:2      | Reached skill level 3 in Maces & Flails
   234 | D:2      | Found a faded altar of an unknown god.
   235 | D:2      | Reached XP level 3. HP: 26/29 MP: 3/3
   279 | D:2      | HP: 1/29 [kobold/+0 club (2)]
   857 | D:2      | Reached skill level 4 in Maces & Flails
   857 | D:2      | Reached XP level 4. HP: 35/35 MP: 4/4
   858 | D:2      | Noticed Robin
   983 | D:1      | Found Iffy Ogg's Armour Boutique.
   997 | D:1      | Found Leinkiku's General Store.
  1008 | D:1      | Bought a scroll of identify for 22 gold pieces
  1010 | D:1      | Gained mutation: You are frail. (-10% HP) [potion of
                  | mutation]
  1010 | D:1      | Gained mutation: You occasionally shout uncontrollably at
                  | your foes. [potion of mutation]
  1010 | D:1      | Gained mutation: You possess an exceptional clarity of
                  | mind. [potion of mutation]
  1026 | D:1      | Found Xanaaq's Antique Armour Shoppe.
  1447 | D:2      | Frozen to death by an endoplasm

Illustrated notes

Levels and vault maps discovered:
D:1:      amcnicky_arrival_abandoned_market, layout_basic, serial_shops, shop,
          nicolae_diamond_shop, nicolae_square_shop, skrybe_limestone_x
D:2:      layout_basic, hellmonk_ecumenical_altar_slurped_away, serial_forest,
          infiniplex_forest_lined_room_3, infiniplex_forest_zigzag_1,
          infiniplex_forest_clump_small, infiniplex_forest_clump_small,
          infiniplex_forest_3_way, minivault_11, kennysheep_jessica_study,
          uniq_robin

Skill      XL: |  1  2  3 |
---------------+----------+-----
Maces & Flails | 3 4 |  4.4
Fighting       | |  3.2
Armour         | |  3.2
Shields        | |  3.6

Action                   |  1- 3 |  4- 6 || total
-------------------------+-------+-------++-------
Melee: Flail             |    61 |    53 ||   114
  Use: Scroll            |     1 |     3 ||     4
       Potion            |     1 |     1 ||     2
Armor: Scale mail        |    21 |    21 ||    42
Dodge: Dodged            |    28 |    33 ||    61
Block: Buckler           |    21 |    13 ||    34
